 Dungeon Crawl Stone Soup version 0.28.0-53-g5a82cb258f (webtiles) character file.

Game seed: 13607499512020063088

400 bnorton916 the Magician (level 6, 0/32 HPs)
             Began as a Deep Elf Fire Elementalist on July 6, 2022.
             Slain by a scorpion (7 damage)
             ... on level 3 of the Dungeon.
             The game lasted 00:04:53 (5615 turns).

bnorton916 the Magician (DEFE)                      Turns: 5615, Time: 00:04:53

Health: 0/32       AC:  2    Str:  5    XL:     6   Next: 54%
Magic:  10/16      EV: 12    Int: 22    God:
Gold:   50         SH:  0    Dex: 15    Spells: 6/16 levels left

rFire   . . .      SeeInvis .   (no weapon)
rCold   . . .      Faith    .   (no shield)
rNeg    . . .      Spirit   .   a - +0 robe
rPois   .          Reflect  .   (no helmet)
rElec   .          Harm     .   (no cloak)
rCorr   .          Rampage  .   (no gloves)
Will    .....                   (no boots)
Stlth   ++........              (no amulet)
HPRegen 0.10/turn               (no ring)
MPRegen 0.15/turn               (no ring)

@: lethally poisoned (0 -> -7)
A: no striking features
a: no special abilities


You were on level 3 of the Dungeon.
You visited 1 branch of the dungeon, and saw 5 of its levels.
You also visited: Sewer.

You collected 50 gold pieces.

Inventory:

Missiles
 d - 87 stones
 l - 2 poisoned darts
Armour
 a - a +0 robe (worn)
Magical Staves
 c - a staff of air
 s - a staff of earth
Wands
 f - a wand of iceblast (1)
Scrolls
 e - a scroll of magic mapping {unknown}
 m - a scroll of amnesia
 n - 2 scrolls of enchant armour {unknown}
 p - a scroll of fear {unknown}
 r - a scroll of brand weapon {unknown}
 t - a scroll of holy word {unknown}
Potions
 b - 3 potions of cancellation
 g - a potion of mutation {unknown}
 h - a potion of magic
 i - 3 potions of might
 j - 2 potions of heal wounds {unknown}
 k - a potion of lignification {unknown}
 o - 2 potions of haste {unknown}
 q - a potion of berserk rage {unknown}


   Skills:
 - Level 2.4 Dodging
 - Level 2.4 Stealth
 + Level 5.9 Spellcasting
 + Level 4.3 Conjurations
 + Level 5.4 Fire Magic


You had 6 spell levels left.
You knew the following spells:

 Your Spells              Type           Power      Damage    Failure   Level
a - Foxfire               Conj/Fire      100%       2x1d9     1%          1
b - Scorch                Fire           60%        2d8       1%          2
c - Conjure Flame         Conj/Fire      27%        6-21      3%          3
d - Flame Wave            Conj/Fire      27%        2d7       12%         4

Your spell library contained the following spells:

 Spells                   Type           Power      Damage    Failure   Level
 Inner Flame              Hex/Fire       18%        N/A       9%          3


Dungeon Overview and Level Annotations

Branches:
Dungeon (5/15)              Sewer (visited)
 Temple: D:4-7

Altars:


Message History

An orc comes into view. It is wielding a +0 flail.
A jelly comes into view.
Casting: Foxfire (safe; 1% risk of failure)
Confirm with . or Enter, or press ? or * to list all spells.
You conjure some foxfire!
A necrophage comes into view.
The foxfire hits the worm.
The worm is lightly wounded.
The foxfire hits the worm!
The worm is heavily wounded.
Casting: Foxfire (safe; 1% risk of failure)
Confirm with . or Enter, or press ? or * to list all spells.
You conjure some foxfire!
The scorpion stings you.
You are poisoned.
The scorpion poisons you!
You feel very sick.
The foxfire hits the scorpion.
The scorpion is heavily wounded.
The foxfire hits the scorpion.
The scorpion is severely wounded.
The scorpion stings you!
Unknown command.
You feel sick. The scorpion stings you.
You are lethally poisoned!
The scorpion poisons you!
You climb upwards.
You feel very sick.
There is a stone staircase leading down here.
Casting: Foxfire (safe; 1% risk of failure)
Confirm with . or Enter, or press ? or * to list all spells.
Flames lash the scorpion.
The scorpion is severely wounded.
The scorpion's fire resistance burns away.
* * * LOW HITPOINT WARNING * * *
You feel sick. The scorpion barely misses you.
* * * LOW HITPOINT WARNING * * *
You feel sick.
The scorpion stings you but does no damage.
The scorpion stings you!
You die...

..........P♣....#.#.####..# #.#
.........#........#§...#..# #.#
.........#......######.#[.# #.#
.......................[..# #.#
.......................##.# #.#
..#..........####.........###.#
....................).........#
.................##############
.≈≈≈............@.....#...#
≈≈≈≈≈...........s####.#.#.#
≈≈.≈≈..........#.#..#.#.#.#
≈≈≈≈≈......#.###.#..#.#.#.#
.≈≈≈......##.# #.#..#.#.#.#
.............###.#..#.#.#.#
.......+.........#..#.#.#.#
.......##.....####......#.#
........+.....'.....#.###.#


You could see a scorpion (combustible).

Vanquished Creatures
  2 bullfrogs (Sewer)
  An orc wizard (D:3)
  6 river rats
  9 adders
  5 dart slugs
  2 orcs (D:3)
  19 ball pythons
  6 bats
  7 endoplasms
  7 giant cockroaches
  4 goblins
  3 hobgoblins
  6 jackals (D:1)
  3 quokkas
  2 frilled lizards
  11 kobolds
  28 rats
121 creatures vanquished.

Vanquished Creatures (collateral kills)
  6 foxfires (D:3)
6 creatures vanquished.

Vanquished Creatures (others)
  494 foxfires
  5 plants (D:3)
499 creatures vanquished.

Grand Total: 626 creatures vanquished

Notes
Turn   | Place    | Note
-------+----------+-------------------------------------------
     0 | D:1      | bnorton916 the Deep Elf Fire Elementalist began the quest
                  | for the Orb.
     0 | D:1      | Reached XP level 1. HP: 10/10 MP: 6/6
   268 | D:1      | Reached XP level 2. HP: 15/15 MP: 2/8
   732 | D:1      | Reached XP level 3. HP: 14/19 MP: 5/10
  1737 | D:2      | Reached XP level 4. HP: 17/24 MP: 4/12
  2927 | D:2      | Learned a level 2 spell: Scorch
  2931 | D:2      | Learned a level 3 spell: Conjure Flame
  2936 | D:2      | Learned a level 4 spell: Flame Wave
  3156 | D:3      | You fall into a shaft and drop 2 floors!
  3156 | D:5      | Entered Level 5 of the Dungeon
  3228 | D:3      | Found a faded altar of an unknown god.
  3355 | D:3      | Found a glowing drain.
  3370 | D:3      | Reached XP level 5. HP: 13/28 MP: 7/14
  3471 | Sewer    | Entered a sewer
  3911 | Sewer    | Reached skill level 5 in Spellcasting
  4696 | Sewer    | Reached skill level 5 in Fire Magic
  4699 | Sewer    | Reached XP level 6. HP: 32/32 MP: 10/16
  5615 | D:3      | Slain by a scorpion

Illustrated notes

Levels and vault maps discovered:
D:1:      nzn_arrival_crosshair, layout_rooms, minmay_tripent
D:2:      layout_basic
D:3:      layout_basic, hellmonk_ecumenical_altar_crossroads, serial_forest,
          infiniplex_forest_clump_cross, infiniplex_forest_corner_1,
          infiniplex_forest_clump_large, infiniplex_forest_lined_room_2,
          infiniplex_forest_lined_3, infiniplex_forest_clump_long,
          infiniplex_forest_lined_corner, portal_sewer_entry_a,
          hangedman_decor_lopped
D:4:      layout_rooms, nicolae_overflow_hallway_of_the_gods
D:5:      layout_loops_cross

Skill      XL: |  1  2  3  4  5 |
---------------+----------------+-----
Conjurations   | 2 3 4 |  4.3
Spellcasting   | 4 5 |  5.9
Fire Magic     | 4 5 |  5.4
Dodging        | |  2.4
Stealth        | |  2.4

Action                   |  1- 3 |  4- 6 || total
-------------------------+-------+-------++-------
Melee: Unarmed           |       |    12 ||    12
 Cast: Foxfire           |   122 |   173 ||   295
       Scorch            |       |     5 ||     5
  Use: Scroll            |       |     7 ||     7
       Potion            |       |     2 ||     2
Armor: Robe              |     6 |     5 ||    11
Dodge: Dodged            |    24 |    17 ||    41
